 Dungeon Crawl Stone Soup version 0.28-a0-938-gbc3f381ebc (webtiles) character file.

Game seed: 18223390830834629936

261 porpoise the Conjurer (level 5, -2/28 HPs)
             Began as a Deep Elf Conjurer on Nov 29, 2021.
             Killed from afar by an electric eel (10 damage)
             ... with a bolt of electricity
             ... on level 4 of the Dungeon.
             The game lasted 00:09:20 (3921 turns).

porpoise the Conjurer (Deep Elf Conjurer)           Turns: 3921, Time: 00:09:20

Health: -2/28      AC:  2    Str:  4    XL:     5   Next: 96%
Magic:  15/15      EV: 12    Int: 30    God:
Gold:   165        SH:  0    Dex: 13    Spells: 13/16 levels left

rFire   . . .      SeeInvis .   b - +2 hunting sling (freeze)
rCold   . . .      Faith    .   (no shield)
rNeg    . . .      Spirit   .   a - +0 robe
rPois   .          Reflect  .   (no helmet)
rElec   .          Harm     .   (no cloak)
rCorr   .          Rampage  .   (no gloves)
Will    .....                   (no boots)
Stlth   ++........              (no amulet)
HPRegen 0.09/turn               h - +6 ring of intelligence
MPRegen 0.14/turn               (no ring)

@: no status effects
A: no striking features
a: no special abilities


You were on level 4 of the Dungeon.
You visited 1 branch of the dungeon, and saw 4 of its levels.

You collected 165 gold pieces.

Inventory:

Hand Weapons
 b - a +2 hunting sling of freezing (weapon)
Missiles
 d - 90 stones (quivered ammo)
Armour
 a - a +0 robe (worn)
 n - a +1 buckler
Magical Staves
 k - a staff of fire
Jewellery
 h - a +6 ring of intelligence (left hand)
Wands
 r - a wand of flame (11)
Scrolls
 f - a scroll of summoning {unknown}
 g - 2 scrolls of identify {unknown}
 i - a scroll of blinking {unknown}
 l - a scroll of enchant armour
 m - a scroll of acquirement {unknown}
 o - a scroll of amnesia {unknown}
 q - a scroll of vulnerability {unknown}
Potions
 c - 4 potions of curing {unknown}
 e - 2 potions of haste {unknown}
 j - a potion of flight {unknown}
 p - a potion of mutation {unknown}


   Skills:
 - Level 2.4 Dodging
 - Level 2.4 Stealth
 + Level 6.3 Spellcasting
 + Level 6.4 Conjurations


You had 13 spell levels left.
You knew the following spells:

 Your Spells              Type           Power      Damage    Failure   Level
a - Magic Dart            Conj           100%       1d8       1%          1
b - Searing Ray           Conj           96%        2d7       1%          2

Your spell library contained the following spells:

 Spells                   Type           Power      Damage    Failure   Level
 Dazzling Flash           Conj/Hex       56%        N/A       4%          3
 Mephitic Cloud           Conj/Pois/Air  22%        N/A       6%          3
 Call Imp                 Summ           9%         N/A       8%          2
 Fulminant Prism          Conj/Hex       14%        3d9       14%         4
 Iskenderun's Mystic Bla  Conj/Tloc      28%        2d7       14%         4


Dungeon Overview and Level Annotations

Branches:
Dungeon (4/15)
 Temple: D:4-7

Altars:

Annotations:
D:4 1 transporter


Message History

Items here: ))) [[[.
Okay, then.
Unknown command.
Things that are here:
a +0 dagger; a +0 robe
Found 8 gold pieces.
Casting: Searing Ray (safe; 1% risk of failure)
Confirm with . or Enter, or press ? or * to list all spells.
Aiming: Searing Ray (safe; 1% risk of failure)
Press: ? - help, Shift-Dir - straight line, f - orc wizard
Aim: an orc wizard, wielding a +0 dagger and wearing a +0 robe (wandering, hasn't noticed you, 77% to hit)
The searing ray misses the orc wizard. (Press . to maintain the ray.) Unknown command.
The searing ray hits the orc wizard!
The orc wizard is severely wounded.
The searing ray hits the orc wizard!
You kill the orc wizard!
You start resting.
Magic restored.
Things that are here:
a +0 dagger; a +0 robe
Things that are here:
a +0 dagger; a +0 robe
There is a transporter here.
You enter the transporter and appear at another place.
r - a wand of flame (12)
There are no items here.
You open the door.
Aiming: Throw Flame
Press: ? - help, Shift-Dir - straight line, f - electric eel
Aim: an electric eel (48% to hit)
The puff of flame misses the electric eel.
The electric eel shoots out a bolt of lightning at you!
The bolt of electricity hits you! x2
* * * LOW HITPOINT WARNING * * *
The electric eel is engulfed in a cloud of scalding steam.
The electric eel shoots out a bolt of lightning at you!
The bolt of electricity hits you!
You die...

##+#######..............
#........#......)....... ..#
#........#..................#
#..#######..................#
##+##..#####..................#..
...##......#.)###############.#..
...........#..#8P#SS§≈≈≈≈#P8#.#..
..............#..#.......#..#....
.....).).....©#©@'...⌠...+(©#©...
##'######..#..#..#.......#..#†...
##.######..##.#8P#SS≈≈≈≈≈#P8#....
#.....#.....'.###############....
#.....#.....#....................
#.....#.....#........#...#.......
###..##.....#........#...#.......
###..##.....#........#...'.......
.....########........#'###.......


You could see 4 electric eels.

Vanquished Creatures
  A hound (D:4)
  4 orc wizards (D:4)
  4 adders
  2 worms (D:2)
  3 dart slugs
  7 orcs
  6 ball pythons
  3 bats
  9 endoplasms
  4 giant cockroaches
  4 goblins
  2 hobgoblins (D:1)
  5 jackals
  8 kobolds
  3 quokkas
  5 frilled lizards
  7 rats
77 creatures vanquished.

Vanquished Creatures (others)
  12 plants (D:4)
12 creatures vanquished.

Grand Total: 89 creatures vanquished

Notes
Turn   | Place    | Note
-------+----------+-------------------------------------------
     0 | D:1      | porpoise the Deep Elf Conjurer began the quest for the Orb.
     0 | D:1      | Reached XP level 1. HP: 10/10 MP: 6/6
   203 | D:1      | Reached XP level 2. HP: 15/15 MP: 4/8
   258 | D:1      | Learned a level 2 spell: Searing Ray
   679 | D:1      | Reached skill level 5 in Conjurations
   679 | D:1      | Reached XP level 3. HP: 19/19 MP: 8/10
  1117 | D:1      | Found a faded altar of an unknown god.
  2508 | D:3      | Reached XP level 4. HP: 24/24 MP: 8/12
  2933 | D:3      | Reached skill level 5 in Spellcasting
  3315 | D:4      | Found a transporter.
  3344 | D:4      | Found a transporter.
  3375 | D:4      | Noticed a phantom
  3444 | D:4      | Reached XP level 5. HP: 28/28 MP: 11/15
  3921 | D:4      | Killed from afar by an electric eel

Illustrated notes

Levels and vault maps discovered:
D:1:      dpeg_arrival_yet_another_circle, layout_basic,
          chequers_ecumenical_altar_twisty, chequers_serial_rivers_micro_e,
          minmay_misc_feat_secret_circle, minmay_misc_feat_doors, minivault_19,
          solitary_fountain
D:2:      layout_loops_cross, serial_aquarium, aquarium_bridge_long_joined
          [aquarium_subvault_window, aquarium_subvault_bridge,
          aquarium_subvault_bridge, aquarium_subvault_wall,
          aquarium_subvault_bridge, aquarium_subvault_balcony],
          aquarium_window_corner, aquarium_window_fake, aquarium_window_2,
          aquarium_view_2c, aquarium_view_2c, aquarium_balcony_3a,
          aquarium_pool_1
D:3:      layout_basic, minmay_misc_feat_tower, minmay_distorted
D:4:      gammafunk_steamed_eel, layout_gridville, minivault_23, minivault_4,
          guppyfry_early_lair_pool

Skill      XL: |  1  2  3  4  5 |
---------------+----------------+-----
Spellcasting   | 4 5 6 |  6.3
Conjurations   | 5 6 |  6.4
Dodging        | |  2.4
Stealth        | |  2.4

Action                   |  1- 3 |  4- 6 || total
-------------------------+-------+-------++-------
 Fire: Hunting sling     |     1 |     4 ||     5
 Cast: Magic Dart        |    64 |    19 ||    83
       Searing Ray       |     7 |    18 ||    25
Evoke: Wand              |       |     1 ||     1
  Use: Scroll            |       |     1 ||     1
Armor: Robe              |     2 |       ||     2
Dodge: Dodged            |     3 |     7 ||    10

Table legend: (Time is in decaauts)
 A = Elapsed time spent in this place.
 B = Non-inter-level travel time spent in this place.
 C = Inter-level travel time spent in this place.
 D = Time resting spent in this place.
 E = Time spent auto-exploring this place.
 F = Levels seen in this place.
 G = Mean time per level.
                   A        B        C        D        E       F      G
               +--------+--------+--------+--------+--------+-----+--------+
         Total |   3921 |   3813 |    108 |   1482 |   1862 |   4 |  980.2 |
       Dungeon |   3921 |   3813 |    108 |   1482 |   1862 |   4 |  980.2 |
               +--------+--------+--------+--------+--------+-----+--------+

Top non-repeatable levels by time:
     D:2: 1206 daAuts
     D:1: 1197 daAuts
     D:3: 865 daAuts
     D:4: 652 daAuts
